 Dungeon Crawl Stone Soup version 0.27.0-1-g7a089689b8 (webtiles) character file.

Game seed: 18160214172947959787

235 sanka the Chiller (level 5, -2/21 (24) HPs)
             Began as a Felid Abyssal Knight on Aug 9, 2021.
             Was a Believer of Lugonu.
             Killed from afar by Blork the orc (4 damage)
             ... with a magic dart
             ... on level 5 of the Dungeon.
             The game lasted 00:13:17 (8217 turns).

sanka the Chiller (Felid Abyssal Knight)            Turns: 8217, Time: 00:13:17

HP:   -2/21 (24)    AC:  8    Str:  8    XL:     5   Next: 76%
MP:   4/9           EV: 19    Int: 14    God:    Lugonu [**....]
Gold: 181           SH:  0    Dex: 23    Spells: 5/8 levels left
                                        Lives: 0   Deaths: 1

rFire    . . .     SeeInvis +     - Unarmed
rCold    . . .     Faith    .   (shield unavailable)
rNeg     . . .     Spirit   .   (armour unavailable)
rPois    .         Reflect  .   (helmet unavailable)
rElec    .         Harm     .   (cloak unavailable)
rCorr    +         Rampage  .   (gloves unavailable)
Will     .....                  (boots unavailable)
Stlth    ++........             (no amulet)
HPRegen  0.07/turn              o - ring of resist corrosion
MPRegen  0.11/turn              j - +6 ring of dexterity

@: ice-armoured, heavily drained, quick
A: very small, claws 1, fangs 3, see invisible, speed 1, shaggy fur 2, stealthy
paws, no weapons or thrown items, no armour, multi-lived
a: Renounce Religion, Depart the Abyss, Bend Space


You were on level 5 of the Dungeon.
You worshipped Lugonu.
Lugonu was pleased with you.
You visited 1 branch of the dungeon, and saw 5 of its levels.
You visited the Abyss 1 time.

You collected 181 gold pieces.


Innate Abilities, Weirdness & Mutations

You have sharp claws.
You have razor-sharp teeth.
You have supernaturally acute eyesight. (SInv)
You cover ground quickly. (Speed+)
You are covered in thick fur. (AC +2)
Your paws help you pounce on unaware monsters.
You are incapable of wielding weapons or throwing items.
You cannot wear armour.
You gain extra lives every three experience levels.


   Skills:
 - Level 3.0 Fighting
 - Level 3.2 Dodging
 - Level 4.4 Unarmed Combat
 - Level 2.0 Spellcasting
 + Level 4.6 Ice Magic
 - Level 1.7 Invocations


You had 5 spell levels left.
You knew the following spells:

 Your Spells              Type           Power      Damage    Failure   Level
a - Ozocubu's Armour      Ice            14%        N/A       11%         3

Your spell library contained the following spells:

 Spells                   Type           Power      Damage    Failure   Level
 Ozocubu's Refrigeration  Ice            7%         4d6       100%        7

Inventory:

Jewellery
 j - a +6 ring of dexterity (right paw)
 l - a +6 ring of strength
 o - a ring of resist corrosion (left paw)
 p - a +6 ring of strength
Scrolls
 d - 2 scrolls of magic mapping
 g - a scroll of fog {unknown}
 h - a scroll of enchant armour {unknown}
 i - a scroll of immolation {unknown}
 k - a scroll of brand weapon {unknown}
 q - a scroll of summoning {unknown}
 r - a scroll of blinking {unknown}
 s - a scroll of teleportation {unknown}
 t - 2 scrolls of fear
Potions
 a - a potion of resistance
 b - 4 potions of mutation {!q}
 c - a potion of flight {unknown}
 e - 2 potions of heal wounds {@q2}
 m - a potion of lignification {unknown}
 n - a potion of degeneration {!q}

Dungeon Overview and Level Annotations

Branches:
Dungeon (5/15)             Temple (0/1) D:5

Altars:
Dithmenos
Gozag
Makhleb
Qazlal
Yredelemnul

Annotations:
D:5 2 transporters, Blork the orc, Menkaure, Pikel

▒..▒.....▒.▒
▒..)..▒
▒..........▒
▒.▒▒▒▒▒
..▒.....▒▒▒
▒.▒ ▒.....▒
▒.▒ ▒▒▒.▒▒▒
▒.▒▒▒▒▒▒ ▒.▒
▒....... ▒.▒
▒▒▒▒▒▒▒. ▒
▒▒▒o▒ ▒. ▒▒
▒.h.▒ ▒.
.▒▒▒▒ ▒.▒▒▒
▒. ....▒ ▒.▒
▒. ..▒.▒▒
▒.▒ ▒▒.
.▒...▒ ▒.▒
▒.. >....▒
▒.▒ ▒..
.▒...▒▒▒▒
▒.▒ ▒..
..▒......
▒.▒▒▒▒▒▒▒▒▒▒
▒▒. ....▒
▒.......>..▒
▒▒


You could see Blork the orc.


Message History

The puff of flame misses you.
You scratch Blork the orc. You claw Blork the orc.
You bite Blork the orc, but do no damage.
Blork the orc is severely wounded.
Blork the orc misses you.
You closely miss Blork the orc. You bite Blork the orc.
Blork the orc is severely wounded.
You closely miss Blork the orc.
Blork the orc is severely wounded.
Blork the orc screams, "Die!"
Blork the orc gestures at you while chanting.
The puff of flame hits you!
Ouch! That really hurt!
* * * LOW HITPOINT WARNING * * *
The heat melts your icy armour.
You completely miss Blork the orc.
Blork the orc is severely wounded.
Blork the orc miscasts a cantrip.
Your magical contamination has completely faded away.
You scratch Blork the orc. You bite Blork the orc.
Blork the orc is almost dead.
Blork the orc misses you.
You scratch Blork the orc.
Blork the orc is almost dead.
Blork the orc points at you and mumbles some strange words.
The magic dart hits you.
You die...

Action                   |  1- 3 |  4- 6 || total
-------------------------+-------+-------++-------
Melee: Unarmed           |   103 |   228 ||   331
       Bite              |    13 |    25 ||    38
       Punch             |     1 |     6 ||     7
 Cast: Ozocubu's Armour  |       |     4 ||     4
  Use: Scroll            |       |     6 ||     6
 Stab: Sleeping          |       |     1 ||     1
Armor: Skin              |     5 |     9 ||    14
Dodge: Dodged            |    76 |   170 ||   246

Levels and vault maps discovered:
D:1:      lightli_arrival_statuegarden, layout_basic
D:2:      layout_loops_corners
D:3:      layout_basic, mainiacjoe_overflow_catwalk, jmf_multi_god_temple2,
          corner_web_ring, hangedman_decor_growths, grunt_ministairs_10,
          moated_statue
D:4:      layout_basic, mainiacjoe_overflow_concentric_impassable
D:5:      layout_loops_ring, gammafunk_temple_overflow_arena,
          minmay_temple_entry_crystal_x, uniq_pikel, uniq_blork_the_orc,
          uniq_menkaure

Notes
Turn   | Place    | Note
-------+----------+-------------------------------------------
     0 | Abyss:1  | sanka the Felid Abyssal Knight began the quest for the Orb.
     0 | Abyss:1  | Reached XP level 1. HP: 10/10 MP: 3/3
     1 | Abyss:1  | Found a corrupted altar of Lugonu.
    23 | Abyss:1  | Found a shimmering altar of Xom.
    47 | D:1      | Escaped the Abyss
   131 | D:1      | HP: 1/10 [quokka (4)]
   556 | D:1      | Reached XP level 2. HP: 14/14 MP: 4/4
   589 | D:1      | Reached skill level 3 in Unarmed Combat
  1284 | D:1      | Reached XP level 3. HP: 6/17 MP: 5/5
  2200 | D:2      | Reached ** piety under Lugonu
  2566 | D:2      | Reached skill level 4 in Unarmed Combat
  3467 | D:1      | Reached XP level 4. HP: 14/21 MP: 6/6
  3782 | D:3      | Learned a level 3 spell: Ozocubu's Armour
  4010 | D:3      | Found a large runed translucent door.
  4112 | D:3      | Found a large runed translucent door.
  4540 | D:3      | Found a stormy altar of Qazlal.
  4566 | D:3      | Noticed an ice beast
  4863 | D:3      | Reached skill level 1 in Spellcasting
  5045 | D:3      | Reached skill level 1 in Ice Magic
  5130 | D:3      | Found a burning altar of Makhleb.
  5135 | D:3      | Found a shadowy altar of Dithmenos.
  5166 | D:4      | Noticed a wyvern
  5293 | D:4      | Found a basalt altar of Yredelemnul.
  5590 | D:3      | Reached XP level 5. HP: 21/24 MP: 8/8
  6036 | D:4      | Reached skill level 2 in Spellcasting
  6036 | D:4      | Reached skill level 2 in Ice Magic
  6951 | D:4      | Reached skill level 3 in Ice Magic
  6951 | D:4      | Gained mutation: You are covered in thick fur. (AC +2)
                  | [Felid growth]
  6951 | D:4      | Reached XP level 6. HP: 17/28 MP: 10/10
  7087 | D:5      | Entered Level 5 of the Dungeon
  7087 | D:5      | Noticed Blork the orc
  7166 | D:5      | Noticed Pikel
  7427 | D:5      | Found a transporter.
  7429 | D:5      | Found a transporter.
  7459 | D:5      | Reached skill level 4 in Ice Magic
  7793 | D:5      | Found an opulent altar of Gozag.
  7796 | D:5      | Noticed a two-headed ogre
  7798 | D:5      | Noticed a steam dragon
  7863 | D:5      | Identified a potion of resistance
  8109 | D:5      | Found a staircase to the Ecumenical Temple.
  8112 | D:5      | Noticed Menkaure
  8131 | D:4      | Slain by a wyvern
  8132 | D:4      | Reached XP level 5. HP: -2/24 MP: 9/9
  8214 | D:5      | HP: 2/21 [Blork the orc/puff of flame (12)]
  8217 | D:5      | Killed from afar by Blork the orc

Vanquished Creatures
  A necrophage (D:5)
  A lemure (D:5)
  A jelly (D:5)
  A bullfrog skeleton (D:4)
  A hound (D:3)
  An orc priest (D:4)
  3 orc wizards
  2 gnolls
  5 adders
  An ufetubus (D:5)
  An adder skeleton (D:4)
  A worm (D:3)
  2 dart slugs
  7 orcs
  8 ball pythons
  4 bats
  8 endoplasms
  3 giant cockroaches
  7 goblins
  13 hobgoblins
  10 kobolds
  2 quokkas
  3 frilled lizards
  6 rats
92 creatures vanquished.
